 Dungeon Crawl Stone Soup version 0.20-a0-309-gcba9277 (webtiles) character file.

428 kr4n3x the Conjurer (level 6, -4/33 HPs)
             Began as a Deep Elf Conjurer on Dec 18, 2016.
             Was an Initiate of Vehumet.
             Slain by a sky beast (6 damage)
             ... on level 3 of the Dungeon.
             The game lasted 00:08:51 (3224 turns).

kr4n3x the Conjurer (Deep Elf Conjurer)             Turns: 3224, Time: 00:08:52

Health: -4/33      AC:  2    Str:  5    XL:     6   Next: 65%
Magic:  12/17      EV: 13    Int: 22    God:    Vehumet [......]
Gold:   200        SH:  0    Dex: 15    Spells: 2/17 levels left

rFire  + . .     SeeInvis .     g - +0 dagger
rCold  . . .     Gourm    .     a - +0 robe
rNeg   . . .     Faith    .     (no shield)
rPois  .         Spirit   .     (no helmet)
rElec  .         Reflect  .     (no cloak)
rCorr  .         Harm     .     (no gloves)
MR     .....                    (no boots)
Stlth  ++........               (no amulet)
                                (no ring)
                                m - ring of protection from fire

@: no status effects
A: no striking features
a: Renounce Religion


You were on level 3 of the Dungeon.
You worshipped Vehumet.
Vehumet was noncommittal.
You were not hungry.

You visited 1 branch of the dungeon, and saw 3 of its levels.

You collected 200 gold pieces.

Inventory:

Hand Weapons
 g - a +0 dagger (weapon)
Armour
 a - a +0 robe (worn)
Jewellery
 m - a ring of protection from fire (left hand)
Scrolls
 d - a scroll of teleportation
 e - 2 scrolls of identify
 f - 2 scrolls of remove curse
Potions
 k - a potion of haste
 l - a potion of berserk rage
 p - a potion of curing {unknown}
Books
 b - a book of Conjurations

   Spells                             Type                      Level
   a - Magic Dart                     Conjuration                  1
   b - Searing Ray                    Conjuration                  2
   c - Dazzling Spray                 Conjuration/Hexes            3
   d - Fulminant Prism                Conjuration/Hexes            4
   e - Iskenderun's Mystic Blast      Conjuration                  4
   f - Iskenderun's Battlesphere      Conjuration/Charms           5
Comestibles
 c - 5 bread rations
 h - 2 chunks of flesh


   Skills:
 - Level 0.4 Fighting
 - Level 0.2 Short Blades
 - Level 2.4 Dodging
 - Level 2.4 Stealth
 + Level 6.0 Spellcasting
 * Level 7.5 Conjurations
 * Level 0.4 Charms


You had 2 spell levels left.
You knew the following spells:

 Your Spells              Type           Power        Failure   Level  Hunger
a - Magic Dart            Conj           ####         1%          1    None
b - Searing Ray           Conj           #####.       1%          2    None
c - Dazzling Spray        Conj/Hex       ###...       8%          3    #......
d - Iskenderun's Mystic   Conj           #####...     4%          4    ###....
e - Iskenderun's Battles  Conj/Chrm      ###.....     63%         5    #####..


Dungeon Overview and Level Annotations

Branches:
Dungeon (3/15)

Altars:
Nemelex Xobeh
Okawaru
Vehumet


Message History

You don't know that spell.
Unknown command.
You start resting.
Something hits you. Something shocks you.
You hit something but do no damage. Something hits you. Something shocks you.
Casting: Magic Dart
Confirm with . or Enter, or press ? or * to list all spells.
Okay, then.
Casting: Magic Dart
Confirm with . or Enter, or press ? or * to list all spells.
Okay, then.
Casting: Magic Dart
Confirm with . or Enter, or press ? or * to list all spells.
Aiming: Searing Ray
Press: ? - help, Shift-Dir - straight line Something hits you.
Something shocks you.
* * * LOW HITPOINT WARNING * * *
You barely miss something. Something hits you.
* * * LOW HITPOINT WARNING * * *
Something shocks you.
You die...

........# #.# #.........
.#...#..## #.# #....#.#..
###.###..###.# #.........
.#...#.......# #....#.#..
..รท_....##########....)....
.#...#............>.#$....#
###.###.####### #.>......
.#...#..# ######.#.###..
........# #..@.........#
#...#.### #.############
?..##.# #.# ##.##.# #.#
#.##.# #.# #.##.########.#
#.##..........#
##.############# ...#


There were no monsters in sight!

Vanquished Creatures
  Grinder (D:3)
  Jessica (D:2)
  Ijyb (D:2)
  A gnoll (D:2)
  6 adders
  2 oozes
  4 worms
  6 dart slugs
  8 leopard geckos
  10 bats
  5 giant cockroaches
  6 goblins
  2 hobgoblins
  3 jackals (D:1)
  13 kobolds
  2 quokkas
  A ball python (D:2)
  2 frilled lizards (D:2)
  9 rats
83 creatures vanquished.

Notes
Turn   | Place    | Note
-------+----------+-------------------------------------------
     0 | D:1      | kr4n3x the Deep Elf Conjurer began the quest for the Orb.
     0 | D:1      | Reached XP level 1. HP: 10/10 MP: 6/6
   205 | D:1      | Reached XP level 2. HP: 15/15 MP: 5/8
   209 | D:1      | Learned a level 2 spell: Searing Ray
   271 | D:1      | Reached skill level 5 in Conjurations
   715 | D:1      | Reached XP level 3. HP: 19/19 MP: 6/9
   720 | D:1      | Learned a level 3 spell: Dazzling Spray
   945 | D:2      | Found a faded altar of an unknown god.
  1071 | D:2      | Found a sparkling altar of Nemelex Xobeh.
  1452 | D:2      | Reached XP level 4. HP: 22/24 MP: 8/11
  1519 | D:2      | Noticed Ijyb
  1935 | D:2      | Reached skill level 6 in Conjurations
  2046 | D:2      | Killed Ijyb
  2046 | D:2      | Reached XP level 5. HP: 18/28 MP: 0/14
  2053 | D:2      | Learned a level 4 spell: Iskenderun's Mystic Blast
  2224 | D:2      | Noticed Jessica
  2228 | D:2      | Killed Jessica
  2228 | D:2      | Reached skill level 5 in Spellcasting
  2313 | D:2      | Found an iron altar of Okawaru.
  2617 | D:3      | Noticed Grinder
  2629 | D:3      | Paralysed by Grinder for 4 turns
  2633 | D:3      | Killed Grinder
  2633 | D:3      | Reached skill level 7 in Conjurations
  2633 | D:3      | Reached XP level 6. HP: 6/33 MP: 0/16
  3022 | D:3      | Found a radiant altar of Vehumet.
  3031 | D:3      | Became a worshipper of Vehumet
  3207 | D:3      | Learned a level 5 spell: Iskenderun's Battlesphere
  3210 | D:3      | Noticed a sky beast
  3224 | D:3      | Slain by a sky beast

Vault maps used:
D:1:      lemuel_arrival_room, st_stairs_7, minmay_misc_feat_five
D:2:      okawaru_metal_pillars_3, nicolae_overflow_hidden_temple, first_bread,
          chequers_ecumenical_altar_simple_redux, minmay_joined_circles,
          uniq_jessica, uniq_iyjb
D:3:      vehumet_crystals, st_stairs_2, uniq_grinder

Skill      XL: |  1  2  3  4  5  6 |
---------------+-------------------+-----
Conjurations   | 5 6 7 |  7.5
Spellcasting   | 4 5 6 |  6.0
Fighting       | |  0.4
Short Blades   | |  0.2
Dodging        | |  2.4
Stealth        | |  2.4
Charms         | |  0.4

Action                   |  1- 3 |  4- 6 || total
-------------------------+-------+-------++-------
Melee: Dagger            |    14 |    26 ||    40
 Cast: Magic Dart        |    77 |   126 ||   203
       Dazzling Spray    |       |     2 ||     2
       Searing Ray       |       |     1 ||     1
  Use: Scroll            |       |     7 ||     7
  Eat: Chunk             |     1 |     6 ||     7
Armor: Robe              |     8 |     9 ||    17
Dodge: Dodged            |    15 |    45 ||    60
